 Dungeon Crawl Stone Soup version 0.28-a0-751-gef3a642a4e (webtiles) character file.

Game seed: 13537314939876338597

30 AttackTheMoon the Sneak (level 3, -1/33 HPs)
             Began as a Ghoul Delver on Oct 30, 2021.
             Slain by a hound zombie (4 damage)
             ... on level 5 of the Dungeon.
             The game lasted 00:00:29 (133 turns).

AttackTheMoon the Sneak (Ghoul Delver)               Turns: 133, Time: 00:00:30

Health: -1/33      AC:  0    Str: 15    XL:     3   Next: 18%
Magic:  2/2        EV: 11    Int:  5    God:
Gold:   0          SH:  0    Dex: 11    Spells: 2/2 levels left

rFire   . . .      SeeInvis .     - Unarmed
rCold   + . .      Faith    .   (no shield)
rNeg    + + +      Spirit   .   a - +0 leather armour
rPois   ∞          Reflect  .   (no helmet)
rElec   .          Harm     .   (no cloak)
rCorr   .          Rampage  .   (no gloves)
Will    .....                   g - +0 pair of boots
Stlth   +++.......              (no amulet)
HPRegen 0.00/turn               (no ring)
MPRegen 0.08/turn               (no ring)

@: corroded, inhibited regen
A: claws 1, cold resistance 1, negative energy resistance 3, inhibited
regeneration, torment resistance 2
a: no special abilities


You were on level 5 of the Dungeon.
You visited 1 branch of the dungeon, and saw 1 of its levels.

Inventory:

Armour
 a - a +0 leather armour (worn)
 g - a +0 pair of boots (worn)
Wands
 f - a wand of digging (3)
Scrolls
 b - a scroll of fog
 c - a scroll of magic mapping
 d - a scroll of fear
Potions
 e - a potion of haste


   Skills:
 + Level 3.6 Fighting
 + Level 2.2 Dodging
 + Level 5.7 Stealth
 + Level 2.7 Unarmed Combat


You had 2 spell levels left.
You didn't know any spells.
Your spell library was empty.

Dungeon Overview and Level Annotations

Branches:
Dungeon (5/15)
 Temple: D:4-7

Altars:


Innate Abilities, Weirdness & Mutations

You thrive by killing the living.
You are immune to poison.
You have sharp fingernails.
Your flesh is cold resistant. (rC+)
You are immune to negative energy. (rN+++)
You do not regenerate when monsters are visible.
You are immune to unholy pain and torment.


Message History

The jelly is almost dead.
The jelly barely misses you. The hound zombie barely misses you.
You completely miss the jelly.
The jelly is almost dead.
The jelly closely misses you. The hound zombie barely misses you.
You scratch the jelly but do no damage.
Your claws burn!
The jelly is almost dead.
The hound zombie barely misses you. The jelly closely misses you.
You scratch the jelly.
You kill the jelly!
The hound zombie barely misses you. The hound zombie bites you.
* * * LOW HITPOINT WARNING * * *
Your Dodging skill increases to level 2!
You have reached level 2!
You have reached level 3!
Your experience leads to an increase in your attributes!
Increase (S)trength, (I)ntelligence, or (D)exterity?
You feel agile.
You scratch the hound zombie.
The hound zombie is moderately damaged.
The hound zombie barely misses you. The hound zombie bites you.
* * * LOW HITPOINT WARNING * * *
You scratch the hound zombie.
The hound zombie is moderately damaged.
The hound zombie barely misses you.
It was a potion of lignification.
You feel woody for a moment. The hound zombie closely misses you.
Okay, then.
You scratch the hound zombie.
The hound zombie is heavily damaged.
The hound zombie bites you.
* * * LOW HITPOINT WARNING * * *
You completely miss the hound zombie.
The hound zombie is heavily damaged.
The hound zombie bites you.
* * * LOW HITPOINT WARNING * * *
You barely miss the hound zombie.
The hound zombie is heavily damaged.
The hound zombie bites you.
You die...

## ####..#
##......
#.....
####..#
#.@Z..#
#.##..#
#.##.....
#.##.###...
###.##.#
...
#......# ..
#......# .
#....^##
#.....#


You could see a hound zombie.

Vanquished Creatures
  A jelly (D:5)
1 creature vanquished.

Notes
Turn   | Place    | Note
-------+----------+-------------------------------------------
     0 | D:5      | AttackTheMoon the Ghoul Delver began the quest for the Orb.
     0 | D:5      | Reached XP level 1. HP: 19/19 MP: 0/0
   109 | D:5      | Noticed a jelly
   125 | D:5      | Killed a jelly
   126 | D:5      | Reached XP level 2. HP: 8/27 MP: 1/1
   126 | D:5      | Reached XP level 3. HP: 10/33 MP: 2/2
   133 | D:5      | Slain by a hound zombie

Illustrated notes

Levels and vault maps discovered:
D:5:      layout_loops_ring, uniq_duvessa

Skill      XL: |  1 |
---------------+----+-----
Dodging        | 2 |  2.2
Fighting       | |  3.6
Stealth        | |  5.7
Unarmed Combat | |  2.7

Action                   || total
-------------------------++-------
Melee: Unarmed           ||    11
  Use: Potion            ||     1
 Stab: Sleeping          ||     1
Dodge: Dodged            ||    11

Table legend: (Time is in decaauts)
 A = Elapsed time spent in this place.
 B = Non-inter-level travel time spent in this place.
 C = Inter-level travel time spent in this place.
 D = Time resting spent in this place.
 E = Time spent auto-exploring this place.
 F = Levels seen in this place.
 G = Mean time per level.
                   A        B        C        D        E       F      G
               +--------+--------+--------+--------+--------+-----+--------+
         Total |    132 |    132 |      0 |    100 |      0 |   1 |  132.0 |
       Dungeon |    132 |    132 |      0 |    100 |      0 |   1 |  132.0 |
               +--------+--------+--------+--------+--------+-----+--------+

Top non-repeatable levels by time:
     D:5: 132 daAuts
